 Dungeon Crawl Stone Soup version 0.28.0 (webtiles) character file.

Game seed: 4073779698159954505

49 GreyFruit the Poker (level 3, -1/28 HPs)
             Began as a Merfolk Gladiator on Feb 12, 2022.
             Slain by a gnoll (3 damage)
             ... on level 2 of the Dungeon.
             The game lasted 00:02:19 (989 turns).

GreyFruit the Poker (Merfolk Gladiator)              Turns: 989, Time: 00:02:21

Health: -1/28      AC:  4    Str: 16    XL:     3   Next: 77%
Magic:  3/3        EV: 13    Int:  7    God:
Gold:   41         SH:  0    Dex: 15    Spells: 2/2 levels left

rFire   . . .      SeeInvis .   a - +0 trident
rCold   . . .      Faith    .   (no shield)
rNeg    . . .      Spirit   .   b - +0 leather armour
rPois   .          Reflect  .   c - +0 helmet
rElec   .          Harm     .   (no cloak)
rCorr   +          Rampage  .   (no gloves)
Will    .....                   (no boots)
Stlth   +.........              (no amulet)
HPRegen 0.09/turn               k - ring of resist corrosion
MPRegen 0.08/turn               (no ring)

@: no status effects
A: (nimble swimmer 2), mertail
a: no special abilities


You were on level 2 of the Dungeon.
You visited 1 branch of the dungeon, and saw 3 of its levels.

You collected 41 gold pieces.

Inventory:

Hand Weapons
 a - a +0 trident (weapon)
Missiles
 d - 3 throwing nets (quivered)
Armour
 b - a +0 leather armour (worn)
 c - a +0 helmet (worn)
Jewellery
 k - a ring of resist corrosion (left hand)
Scrolls
 f - 2 scrolls of magic mapping {unknown}
 h - a scroll of blinking {unknown}
 j - a scroll of identify {unknown}
Potions
 e - a potion of invisibility {unknown}
 g - a potion of attraction {unknown}
 i - a potion of brilliance {unknown}


   Skills:
 + Level 2.3 Fighting
 + Level 5.9 Polearms
 + Level 2.1 Throwing
 + Level 0.2 Armour
 + Level 4.3 Dodging
 - Level 0.7 Stealth


You had 2 spell levels left.
You didn't know any spells.
Your spell library was empty.

Dungeon Overview and Level Annotations

Branches:
Dungeon (3/15)

Altars:
Ru


Innate Abilities, Weirdness & Mutations

((You are very nimble when in or above water. (Stealth+, EV+, Speed+++)))
Your lower body shifts to a powerful aquatic tail in water.


Message History

The gnoll is lightly wounded.
The gnoll hits you from afar with a +0 spear.
You are too injured to fight recklessly!
You are too injured to fight recklessly!
Reach: a) +0 trident
Press: ? - help, Dir - move target, f/p - gnoll
Aim: a gnoll, wielding a +0 spear (lightly wounded, about 36% to evade your +0 trident)
You reach to attack!
You closely miss the gnoll.
The gnoll is lightly wounded.
The gnoll misses you.
Reach: a) +0 trident
Press: ? - help, Dir - move target, f/p - gnoll
Aim: a gnoll, wielding a +0 spear (lightly wounded, about 36% to evade your +0 trident)
You reach to attack!
You hit the gnoll.
The gnoll is heavily wounded.
A gnoll comes into view. It is wielding a +0 spear.
The gnoll hits you from afar with a +0 spear.
Reach: a) +0 trident
Press: ? - help, Dir - move target, f/p - gnoll
Aim: a gnoll, wielding a +0 spear (heavily wounded, about 36% to evade your +0 trident)
You reach to attack!
The gnoll shouts! x2
You hit the gnoll.
The gnoll is almost dead.
The gnoll hits you from afar with a +0 spear.
* * * LOW HITPOINT WARNING * * *
Reach: a) +0 trident
Press: ? - help, Dir - move target, f/p - gnoll
Aim: a gnoll, wielding a +0 spear (almost dead, about 36% to evade your +0 trident)
You reach to attack!
You completely miss the gnoll.
The gnoll is almost dead.
The gnoll hits you from afar with a +0 spear.
* * * LOW HITPOINT WARNING * * *
Reach: a) +0 trident
Press: ? - help, Dir - move target, f/p - gnoll
Aim: a gnoll, wielding a +0 spear (almost dead, about 36% to evade your +0 trident)
You reach to attack!
You hit the gnoll but do no damage.
The gnoll is almost dead.
The gnoll hits you from afar with a +0 spear.
You die...

#.#####.####....
# .
#.......>....#.#
##.....
#.####......##.#
.......
#.#.....###.#..
.......
#..†###.# #...#
....... #..##
#.# #..# .......
...# #.#
#.g###)...>..
##.# #.#
#.gg.#.......
#.## #.#
#.##.@.......
#..###.#
##.###.)..####
##.....# #†(#
####.# ##..###
#.## .# #..#
##.# ..
####..####..# ##
...)...##..##
####.......#
#.......#


You could see 3 gnolls.

Vanquished Creatures
  An adder (D:2)
  4 dart slugs
  3 endoplasms (D:1)
  A giant cockroach (D:1)
  5 goblins
  2 hobgoblins (D:1)
  3 kobolds
  A quokka (D:1)
  6 ball pythons
  4 bats
30 creatures vanquished.

Notes
Turn   | Place    | Note
-------+----------+-------------------------------------------
     0 | D:1      | GreyFruit the Merfolk Gladiator began the quest for the
                  | Orb.
     0 | D:1      | Reached XP level 1. HP: 16/16 MP: 1/1
   193 | D:1      | Reached skill level 5 in Polearms
   193 | D:1      | Reached XP level 2. HP: 22/22 MP: 2/2
   494 | D:1      | Reached XP level 3. HP: 24/27 MP: 3/3
   777 | D:2      | Found a sacrificial altar of Ru.
   777 | D:2      | You fall into a shaft and drop 1 floor!
   989 | D:2      | Slain by a gnoll

Illustrated notes

Levels and vault maps discovered:
D:1:      evilmike_arrival_plus, layout_loops_ring, serial_glass,
          glass_columns_a, glass_columns_a, feat_on_display,
          minmay_strange_pillars
D:2:      layout_rooms, basic_altar
D:3:      layout_loops_cross, hellmonk_ecumenical_altar_heavens_door

Skill      XL: |  1 |
---------------+----+-----
Polearms       | 5 |  5.9
Fighting       | |  2.3
Throwing       | |  2.1
Armour         | |  0.2
Dodging        | |  4.3
Stealth        | |  0.7

Action                   || total
-------------------------++-------
Melee: Trident           ||    88
       Punch             ||     1
 Stab: Sleeping          ||     5
Armor: Leather armour    ||    20
Dodge: Dodged            ||    55
